 Dungeon Crawl Stone Soup version 0.30-a0-297-g0ec75d9ef4 (webtiles) character file.

Game seed: 2063697056653806834

2162 MrRokkomies the Covert (level 9, -4/84 HPs)
             Began as an Armataur Delver on Oct 19, 2022.
             Slain by Maggie
             ... wielding a +2 morningstar of flaming
              (6 damage)
             ... on level 6 of the Dungeon.
             The game lasted 00:16:16 (6261 turns).

MrRokkomies the Covert (Armataur Delver)            Turns: 6261, Time: 00:16:17

Health: -4/84      AC: 12    Str: 19    XL:     9   Next: 10%
Magic:  9/9        EV: 12    Int: 11    God:
Gold:   443        SH:  5    Dex: 31    Spells: 8/8 levels left

rFire   . . .      SeeInvis .    a - +7 spear of Indomitability {venom, rElec Dex+5 Stlth+}
rCold   . . .      Faith    .    (no shield)
rNeg    . . .      Spirit   .    d - +3 ring mail
rPois   .          Reflect  +    (no helmet)
rElec   +          Harm     .    o - scarf {repulsion}
rCorr   .          Roll     +    i - +1 pair of gloves
Will    .....                    (no barding)
Stlth   ++++++....               u - amulet of reflection
HPRegen 0.34/turn                l - +6 ring of dexterity
MPRegen 0.11/turn                f - +6 ring of dexterity

@: hasted, repel missiles, very quick
A: large, rugged brown scales 3, deformed body, armoured tail, roll, long
tongue, awkward tongue
a: no special abilities


You were on level 6 of the Dungeon.
You visited 1 branch of the dungeon, and saw 6 of its levels.

You collected 443 gold pieces.

Inventory:

Hand Weapons
 a - the +7 spear of Indomitability (weapon) {venom, rElec Dex+5 Stlth+}
   (You found it on level 2 of the Dungeon)

   It poisons the flesh of those it strikes.
   Dex:       It affects your dexterity (+5).
   rElec:     It insulates you from electricity.
   Stlth:     It makes you more stealthy.
 m - a +1 spectral mace
Missiles
 k - 23 poisoned darts (quivered)
 q - 2 silver boomerangs
Armour
 b - a +0 leather armour
 d - a +3 ring mail (worn)
 i - a +1 pair of gloves (worn)
 o - a scarf of repulsion (worn)
Jewellery
 f - a +6 ring of dexterity (right hand)
 l - a +6 ring of dexterity (left hand)
 u - an amulet of reflection (around neck)
Wands
 e - a wand of flame (71)
 g - a wand of digging (3)
 h - a wand of polymorph (12)
 w - a wand of iceblast (13)
Scrolls
 c - a scroll of fog
 x - a scroll of identify
 y - a scroll of silence {unknown}
 z - a scroll of amnesia {unknown}
Potions
 j - a potion of might
 n - 2 potions of curing
 p - a potion of cancellation
 s - 2 potions of berserk rage {unknown}
 v - 2 potions of heal wounds {unknown}


   Skills:
 * Level 7.3 Fighting
 - Level 1.7 Maces & Flails
 + Level 5.9 Armour
 * Level 3.8 Dodging
 + Level 9.5 Stealth


You had 8 spell levels left.
You didn't know any spells.
Your spell library contained the following spells:

 Spells                   Type           Power      Damage    Failure   Level
 Freeze                   Ice            0%         1d3       50%         1
 Blink                    Tloc           0%         N/A       65%         2
 Momentum Strike          Conj/Tloc      0%         3d8       65%         2
 Frozen Ramparts          Ice            0%         1d1       86%         3
 Hailstorm                Conj/Ice       0%         3d3       86%         3
 Lesser Beckoning         Tloc           0%         N/A       86%         3
 Freezing Cloud           Conj/Ice/Air   0%         6-21      100%        5
 Simulacrum               Ice/Necr       0%         N/A       100%        6
 Polar Vortex             Ice            0%         N/A       100%        9


Dungeon Overview and Level Annotations

Branches:
Dungeon (6/15)
 Temple: D:4-7

Altars:
Ashenzari
Trog

Annotations:
D:6 Maggie


Innate Abilities, Weirdness & Mutations

You are completely covered in rugged brown scales. (AC +3, +7% HP)
Armour fits poorly on your strangely shaped body.
You have a long armoured tail.
You roll when moving toward enemies. (Rampage)
Your long tongue fully drains potion bottles. (2x potion effects)
Your tongue gives you trouble enunciating. (1.5x scroll delay)


Message History

You are too injured to fight recklessly!
You are too injured to fight recklessly!
You are too injured to fight recklessly!
You hit Maggie but do no damage.
Maggie is lightly wounded.
You block Maggie's attack.
Okay, then.
Unknown command.
Throw: throwing net
Press: ? - help, Q - select action, (/) - cycle Shift-Dir - straight line, f - Maggie
Aim: Maggie, wielding a +2 morningstar of flaming and wearing +1 swamp dragon scales (lightly wounded, 73% to hit)
You throw a throwing net. The throwing net barely misses Maggie.
Maggie closely misses you.
You slurp down every last drop of the 3 potions of curing!
You feel better. Maggie closely misses you.
You slurp down every last drop of the potion of haste!
You feel yourself speed up. You block Maggie's attack.
Press: ? - help, v - describe, . - travel
Here: Maggie, wielding a +2 morningstar of flaming and wearing +1 swamp dragon scales (lightly wounded)
The floor.
Unknown command.
Unknown command.
You hit Maggie but do no damage.
Maggie is lightly wounded.
Maggie hits you with a +2 morningstar of flaming.
Maggie burns you.
You barely miss Maggie.
Maggie is lightly wounded.
Maggie casts a spell at you. The bolt of fire hits you!!
* * * LOW HITPOINT WARNING * * *
You hit Maggie.
Maggie is lightly wounded.
You block Maggie's attack.
You hit Maggie.
Your tail-slap misses Maggie.
Maggie is moderately wounded.
Maggie hits you with a +2 morningstar of flaming!
* * * LOW HITPOINT WARNING * * *
Maggie burns you.
You die...

#.#######
#.# #.#
###'###+#.
#..........
#..........
#..........
#..........
#.@........
#.@........
#..(.......
#.?!......
#.........
#.........
#....#####
#.(..# ##
#.


You could see Maggie.

Vanquished Creatures
  Edmund (D:5)
  2 water moccasins (D:6)
  An orc warrior (D:6)
  An ice beast (D:6)
  A black bear (D:6)
  3 ogres
  A phantom (D:5)
  2 kobold brigands (D:4)
  Blork the orc (D:6)
  A necrophage (D:5)
  2 scorpions
  4 orc priests (D:3)
  3 hounds
  Jessica (D:2)
  2 iguanas
  3 orc wizards
  18 gnolls
  9 adders
  4 shadow imps
  4 ufetubi
  6 dart slugs
  28 orcs
  4 ball pythons
  8 bats
  7 endoplasms
  3 giant cockroaches (D:1)
  6 goblins
  7 hobgoblins
  11 jackals
  53 kobolds
  5 quokkas
  5 frilled lizards
  5 rats
212 creatures vanquished.

Notes
Turn   | Place    | Note
-------+----------+-------------------------------------------
     0 | D:5      | MrRokkomies the Armataur Delver began the quest for the
                  | Orb.
     0 | D:5      | Reached XP level 1. HP: 19/19 MP: 1/1
    37 | D:5      | Noticed an ogre
    55 | D:5      | Noticed Edmund
    71 | D:5      | Noticed a necrophage
   104 | D:5      | Noticed an orc wizard
   120 | D:5      | Noticed an ogre
   121 | D:5      | Noticed a hound
   425 | D:4      | Noticed an ogre
   436 | D:4      | Reached XP level 2. HP: 23/26 MP: 2/2
   461 | D:3      | Reached skill level 1 in Armour
   461 | D:3      | Reached skill level 6 in Stealth
   461 | D:3      | Reached XP level 3. HP: 4/33 MP: 3/3
   702 | D:2      | Identified the +7 spear of Indomitability {venom, rElec
                  | Dex+5 Stlth+}
   794 | D:2      | Reached XP level 4. HP: 40/40 MP: 4/4
  1134 | D:2      | Noticed Jessica
  1137 | D:2      | Killed Jessica
  1224 | D:1      | Reached XP level 5. HP: 49/49 MP: 5/5
  1983 | D:3      | Found a transporter.
  2163 | D:3      | Found a transporter.
  2332 | D:3      | Reached skill level 7 in Stealth
  2599 | D:3      | Reached XP level 6. HP: 56/56 MP: 6/6
  3508 | D:4      | Reached skill level 5 in Fighting
  3508 | D:4      | Reached XP level 7. HP: 32/65 MP: 7/7
  3650 | D:4      | Reached skill level 8 in Stealth
  4665 | D:5      | Identified the +1 leather armour of a ziggurat {rF- Will+
                  | MP+9 Str+3}
  4909 | D:5      | Killed Edmund
  4910 | D:5      | Reached XP level 8. HP: 61/74 MP: 8/8
  5096 | D:5      | Reached skill level 9 in Stealth
  5098 | D:5      | Found a bloodstained altar of Trog.
  5098 | D:5      | Found a broken altar of Ashenzari.
  5156 | D:5      | Reached skill level 5 in Armour
  5968 | D:6      | Reached XP level 9. HP: 84/84 MP: 9/9
  6203 | D:6      | Noticed Blork the orc
  6211 | D:6      | Killed Blork the orc
  6247 | D:6      | Noticed Maggie
  6261 | D:6      | HP: 2/84 [Maggie/+2 morningstar of flaming (13)]
  6261 | D:6      | Slain by Maggie

Illustrated notes

Levels and vault maps discovered:
D:1:      elethiomel_arrival_infinity_welcomes_careful_drivers, layout_rooms,
          minmay_pentomino_q2
D:2:      layout_basic, uniq_jessica
D:3:      gammafunk_wand_slinger, layout_rooms, serial_co_window_serial,
          co_window_corner_a, co_window_cross_1, co_window_of_opportunity_a,
          co_window_of_opportunity_a, co_window_corner_a, co_window_corner_a,
          co_window_paths_b, co_window_paths_c, co_window_broadway_c,
          co_window_2corner, co_window_broadway_b, co_window_of_opportunity_b,
          co_window_corner_b, co_window_4corner_a, co_window_paths_d,
          glass_columns_c, glass_columns_a, glass_columns_a, glass_columns_b,
          glass_columns_a
D:4:      minmay_goblin_kobold_castle, layout_basic,
          hangedman_abyss_or_decor_stagger, roderic_lattice_a
D:5:      layout_loops_corners, gammafunk_temple_overflow_elements, uniq_edmund
D:6:      layout_basic, hangedman_decor_lopped, uniq_duvessa,
          uniq_blork_the_orc, uniq_maggie

Skill      XL: |  1  2  3  4  5  6  7  8 |
---------------+-------------------------+-----
Fighting       | 3 4 5 6 7 |  7.3
Armour         | 1 2 3 4 5 |  5.9
Stealth        | 6 7 8 9 |  9.5
Dodging        | 2 3 |  3.8
Maces & Flails | |  1.7

Action                   |  1- 3 |  4- 6 |  7- 9 || total
-------------------------+-------+-------+-------++-------
Melee: Mace              |    40 |       |       ||    40
       Tailslap          |     6 |    14 |    23 ||    43
       Spear             |    11 |   185 |   225 ||   421
       Punch             |     1 |       |     1 ||     2
Throw: Throwing net      |       |       |     1 ||     1
  Use: Scroll            |     3 |    12 |     1 ||    16
       Potion            |     2 |       |     2 ||     4
 Stab: Sleeping          |     7 |    31 |    11 ||    49
       Distracted        |       |     1 |     2 ||     3
Armor: Ring mail         |    25 |    58 |    91 ||   174
       Leather armour    |     2 |       |       ||     2
Dodge: Dodged            |    22 |    47 |    90 ||   159
Block: Other             |       |    26 |    54 ||    80
       Reflection        |       |     2 |     4 ||     6

Table legend: (Time is in decaauts)
 A = Elapsed time spent in this place.
 B = Non-inter-level travel time spent in this place.
 C = Inter-level travel time spent in this place.
 D = Time resting spent in this place.
 E = Time spent auto-exploring this place.
 F = Levels seen in this place.
 G = Mean time per level.
                   A        B        C        D        E       F      G
               +--------+--------+--------+--------+--------+-----+--------+
         Total |   6312 |   5964 |    348 |    418 |   4365 |   6 | 1052.0 |
       Dungeon |   6312 |   5964 |    348 |    418 |   4365 |   6 | 1052.0 |
               +--------+--------+--------+--------+--------+-----+--------+

Top non-repeatable levels by time:
     D:4: 1910 daAuts
     D:3: 1300 daAuts
     D:5: 1104 daAuts
     D:2: 717 daAuts
     D:6: 668 daAuts
     D:1: 610 daAuts
